 Seeded DCSS version 0.28-a0-1117-g0bdd5ba030 (webtiles) character file.

Game seed: 20211212 (custom seed)

27 a11behringer the Skirmisher (level 2, -6/27 HPs)
             Began as a Minotaur Fighter on Dec 12, 2021.
             Mangled by Sigmund (8 damage)
             ... on level 2 of the Dungeon.
             The game lasted 00:02:37 (1100 turns).

a11behringer the Skirmisher (Minotaur Fighter)      Turns: 1100, Time: 00:02:38

Health: -6/27      AC:  7    Str: 20    XL:     2   Next: 93%
Magic:  1/1        EV:  9    Int:  5    God:
Gold:   36         SH:  4    Dex:  9    Spells: 1/1 levels left

rFire   . . .      SeeInvis .   a - +0 long sword
rCold   + . .      Faith    .   c - +0 buckler
rNeg    . . .      Spirit   .   b - +0 scale mail
rPois   .          Reflect  .   (helmet restricted)
rElec   .          Harm     .   (no cloak)
rCorr   .          Rampage  .   (no gloves)
Will    .....                   (no boots)
Stlth   ..........              (no amulet)
HPRegen 0.09/turn               k - ring of protection from cold
MPRegen 0.07/turn               (no ring)

@: mighty
A: horns 2, retaliatory headbutt
a: no special abilities


You were on level 2 of the Dungeon.
You visited 1 branch of the dungeon, and saw 2 of its levels.

You collected 36 gold pieces.

Inventory:

Hand Weapons
 a - a +0 long sword (weapon)
 h - a +0 hunting sling
Armour
 b - a +0 scale mail (worn)
 c - a +0 buckler (worn)
Jewellery
 k - a ring of protection from cold (left hand)
Scrolls
 e - a scroll of identify
 f - a scroll of acquirement
 g - a scroll of immolation
 i - a scroll of fog {unknown}
 j - a scroll of noise {unknown}


   Skills:
 + Level 4.2 Fighting
 * Level 2.8 Long Blades
 + Level 3.9 Armour
 + Level 0.2 Dodging
 + Level 4.0 Shields


You had one spell level left.
You didn't know any spells.
Your spell library was empty.

Dungeon Overview and Level Annotations

Branches:
Dungeon (2/15)

Altars:

Annotations:
D:2 Sigmund


Innate Abilities, Weirdness & Mutations

You have a pair of horns on your head.
You reflexively headbutt those who attack you in melee.


Message History

The ball python grabs you. The ball python constricts you.
Sigmund barely misses you.
You feel very mighty all of a sudden.
The ball python bites you but does no damage.
The ball python constricts you.
You slash the ball python!
You kill the ball python!
You block Sigmund's attack. The bat barely misses you.
You closely miss the bat. You headbutt the bat.
You kill the bat!
Sigmund mumbles some strange words.
Sigmund flickers and vanishes!
Deactivating autopickup; reactivate with Ctrl-A.
The giant cockroach barely misses you. You furiously retaliate!
You headbutt the giant cockroach.
You kill the giant cockroach!
You block something's attack.
You see here a scroll of identify.
You miss something. Your headbutt misses something.
Something hits you but does no damage.
You closely miss something. Something hits you.
You miss something. You headbutt something! You closely miss something.
You hear some strange, mumbled words.
A puff of flame appears from out of thin air!
The puff of flame hits you. Something hits you but does no damage.
You closely miss something. You hit something. Something hits you.
You miss something.
You hear a zap.
A puff of flame appears from out of thin air!
The puff of flame hits you.
You miss something. Something hits you!
* * * LOW HITPOINT WARNING * * *
You closely miss something. Something hits you.
* * * LOW HITPOINT WARNING * * *
Unknown command.
Unknown command.
You miss something. You headbutt something! Something hits you!
You die...

...# #..# #..# #..#
#... ########..#
#........{#
.#.####.#######@###.#
......<.............#
..####.######....###
#...........#
#.######...##
#.######.# ##.##
.........# #.#
#.######.##### #..
#.....# ###


There were no monsters in sight!

Vanquished Creatures
  6 endoplasms (D:1)
  3 giant cockroaches
  2 goblins (D:1)
  2 hobgoblins (D:1)
  A kobold (D:1)
  3 ball pythons
  A bat (D:2)
  A frilled lizard (D:1)
  5 rats (D:1)
24 creatures vanquished.

Notes
Turn   | Place    | Note
-------+----------+-------------------------------------------
     0 | D:1      | a11behringer the Minotaur Fighter began the quest for the
                  | Orb.
     0 | D:1      | Reached XP level 1. HP: 19/19 MP: 0/0
   154 | D:1      | Reached XP level 2. HP: 23/27 MP: 1/1
   807 | D:1      | Identified a scroll of acquirement
  1085 | D:2      | Noticed Sigmund
  1099 | D:2      | HP: 1/27 [something (1)]
  1100 | D:2      | Mangled by Sigmund

Illustrated notes

Levels and vault maps discovered:
D:1:      saegor_arrival_simple_c, layout_loops_cross, serial_bayou_pond_e,
          minmay_split_cup_small
D:2:      layout_loops_ring, serial_shops, shop, minivault_27,
          grunt_ministairs_10, amcnicky_mini_pool_small, uniq_sigmund

Skill      XL: |  1  2 |
---------------+-------+-----
Shields        | 4 |  4.0
Fighting       | 4 |  4.2
Long Blades    | |  2.8
Armour         | |  3.9
Dodging        | |  0.2

Action                   || total
-------------------------++-------
Melee: Long sword        ||    64
       Headbutt          ||    14
  Use: Scroll            ||     2
       Potion            ||     1
Armor: Scale mail        ||    23
Dodge: Dodged            ||    25
Block: Buckler           ||    12

Table legend: (Time is in decaauts)
 A = Elapsed time spent in this place.
 B = Non-inter-level travel time spent in this place.
 C = Inter-level travel time spent in this place.
 D = Time resting spent in this place.
 E = Time spent auto-exploring this place.
 F = Levels seen in this place.
 G = Mean time per level.
                   A        B        C        D        E       F      G
               +--------+--------+--------+--------+--------+-----+--------+
         Total |   1117 |   1019 |     98 |      0 |    873 |   2 |  558.5 |
       Dungeon |   1117 |   1019 |     98 |      0 |    873 |   2 |  558.5 |
               +--------+--------+--------+--------+--------+-----+--------+

Top non-repeatable levels by time:
     D:1: 1057 daAuts
     D:2: 59 daAuts
